 Dungeon Crawl Stone Soup version 0.31-a0-841-g038b102fc3 (webtiles) character file.

Game seed: 12827146386880257368

77560 demibob the Impaler (level 15, -2/138 HPs)
             Began as a White Draconian Chaos Knight on Sept 27, 2023.
             Was a Plaything of Xom.
             Slain by a white very ugly thing (10 damage)
             ... in an ice cave.
             The game lasted 00:54:45 (25025 turns).

demibob the Impaler (White Draconian Chaos Knight) Turns: 25025, Time: 00:54:46

Health: -2/138     AC: 16    Str: 12    XL:     15   Next: 15%
Magic:  15/15      EV: 15    Int: 28    God:    Xom [..*...]
Gold:   1185       SH:  0    Dex:  9    Spells: 9/14 levels left

rFire   + . .        y - +0 spear (distort)
rCold   + . .        (no shield)
rNeg    . . .        (body armour unavailable)
rPois   .            h - +2 hat of Temperance {rElec rF+}
rElec   +            j - +1 cloak
rCorr   .            r - +0 pair of gloves
SInv    +            B - +1 pair of boots
Will    ++...        p - amulet of faith {!P}
Stlth   ++           Z - ring of wizardry
HPRegen 0.43/turn    v - ring of see invisible
MPRegen 0.14/turn

%: faith, wizardry (x1)
@: unable to read
A: breathe frost, AC +9, unfitting armour, cold resistance 1, cold-blooded,
antennae 1, claws 1, stinger 2, talons 2, thin skeletal structure 1, clever 2,
clumsy 1, strong-willed 1, sense surroundings 1, inability to read after injury
1
a: Breathe Frost, Renounce Religion


You were in an ice cave.
You worshipped Xom.
You were a toy of Xom.
You visited 3 branches of the dungeon, and saw 22 of its levels.
You also visited: Sewer and Ice Cave.

You collected 2136 gold pieces.
You spent 951 gold pieces at shops.


Innate Abilities, Weirdness & Mutations

You can breathe waves of freezing cold which knock back foes.
Your icy white scales are hard. (AC +9)
You cannot fit into any form of body armour.
Your flesh is cold resistant. (rC+)
You are cold-blooded and may be slowed by cold attacks.
You have a pair of small antennae on your head.
You have sharp fingernails.
Your tail ends in a sharp venomous barb.
You have razor-sharp toenails.
You have a somewhat thin skeletal structure. (Dex +2, Stealth+)
Your mind is very acute. (Int +8, Str/Dex -2)
You are clumsy. (Dex -2)
You are strong-willed. (Will+)
You passively map a small area around you.
You occasionally lose the ability to read scrolls when taking damage.


   Skills:
 + Level 14.1 Fighting
 - Level 15.9 Polearms
 - Level 10.5 Dodging
 + Level 4.5 Conjurations
 - Level 10.3 Ice Magic
 - Level 15.2 Evocations


You had 9 spell levels left.
You knew the following spells:

 Your Spells              Type           Power      Damage    Failure   Level
f - Freezing Cloud        Conj/Ice/Air   13%        6-21      16%         5

Your spell library contained the following spells:

 Spells                   Type           Power      Damage    Failure   Level
 Magic Dart               Conj           100%       1d8       1%          1
 Summon Small Mammal      Summ           0%         N/A       4%          1
 Dazzling Flash           Conj/Hex       24%        N/A       5%          3
 Call Imp                 Summ           0%         N/A       7%          2
 Poisonous Vapours        Pois/Air       0%         N/A       7%          2
 Scorch                   Fire           0%         2d5       7%          2
 Sublimation of Blood     Necr           0%         N/A       7%          2
 Mephitic Cloud           Conj/Pois/Air  8%         N/A       8%          3
 Call Canine Familiar     Summ           0%         N/A       13%         3
 Ignite Poison            Fire/Tmut/Pois 0%         N/A       13%         3
 Inner Flame              Hex/Fire       0%         N/A       13%         3
 Summon Guardian Golem    Hex/Summ       0%         N/A       13%         3
 Volatile Blastmotes      Fire/Tloc      0%         2d10      13%         3
 Flame Wave               Conj/Fire      12%        2d6       17%         4
 Sticky Flame             Conj/Fire      12%        2d4       17%         4
 Petrify                  Tmut/Erth      0%         N/A       38%         4
 Irradiate                Conj/Tmut      6%         3d13      43%         5
 Yara's Violent Unravell  Hex/Tmut       0%         3d3       73%         5
 Starburst                Conj/Fire      6%         6d4       92%         6
 Summon Cactus Giant      Summ           0%         N/A       99%         6
 Enfeeble                 Hex            0%         N/A       100%        7
 Ignition                 Fire           0%         3d3       100%        8
 Maxwell's Capacitive Co  Air            0%         ∞         100%        8

Inventory:

Hand Weapons
 i - a +1 spear of chaos
 t - a +1 halberd of flaming
 y - a +0 spear of distortion (weapon)
Armour
 h - the +2 hat of Temperance (worn) {rElec rF+}
   (You acquired it on level 2 of the Dungeon)

   rF+:       It protects you from fire.
   rElec:     It insulates you from electricity.
 j - a +1 cloak (worn)
 r - a +0 pair of gloves (worn)
 B - a +1 pair of boots (worn)
Jewellery
 f - a ring of fire
 n - an amulet of guardian spirit
 p - an amulet of faith (around neck) {!P}
 v - a ring of see invisible (right hand)
 F - a ring of fire
 N - a ring of positive energy
 P - a ring of poison resistance
 Q - an amulet of regeneration
 Z - a ring of wizardry (left hand)
Wands
 a - a wand of digging (14)
 w - a wand of iceblast (31)
 A - a wand of charming (21)
 C - a wand of polymorph (1)
 D - a wand of flame (9)
 S - a wand of quicksilver (3)
Scrolls
 e - 6 scrolls of enchant weapon
 l - a scroll of fear
 o - 4 scrolls of revelation
 q - 5 scrolls of poison
 x - a scroll of brand weapon
 G - a scroll of amnesia
 H - 2 scrolls of vulnerability
 I - 3 scrolls of teleportation {@r2}
 M - a scroll of enchant armour
 T - a scroll of immolation
Potions
 c - 2 potions of magic
 d - a potion of invisibility
 k - a potion of haste {@q3}
 m - 6 potions of enlightenment
 u - a potion of ambrosia
 z - 2 potions of curing {@q1}
 E - a potion of attraction
 J - a potion of cancellation
 L - 4 potions of lignification
 O - a potion of resistance
 U - a potion of mutation
Miscellaneous
 K - a box of beasts (inert)

Dungeon Overview and Level Annotations

Branches:
Dungeon (15/15)            Temple (0/1) D:5            Lair (5/5) D:8
 Shoals (0/4) Lair:2       Spider (0/4) Lair:3        Slime (0/5) Lair:5
    Orc (2/2) D:10            Elf (0/3) Orc:2        Vaults (0/5) D:14
  Sewer (visited)           IceCv (1/1)
 Depths: D:15

Altars:
Cheibriados
Gozag
Hepliaklqana
Kikubaaqudgha
Makhleb
Ru
Trog
Uskayaw
Xom
The Shining One

Shops:
D:2 !(*:   D:5 !   D:13 *   Orc:1 =!*!   Orc:2 =*([

Portals:
Trove: D:13 (give +3 storm dragon scales)

Annotations:
D:8 exclusions: obsidian statue and orange crystal statue
D:9 1 runed translucent door, tinfoiltophat's ghost, novice DjFE
D:14 3 runed translucent doors, Kilet's ghost, adept GrEE
Lair:1 3 runed translucent doors, ShangFenghuang's ghost, novice TrSh
Abyss:1 Fannar

####### ######▒ ▒▒▒▒*
#.....##
##§b§$[▒,..Z.**
#......###§Z§§.)▒.....
#......@#.§Z§u..▒.Z...
#.∩..∩..uZ§§§..ZZ.Z...
#.......#.○.....▒Z..,
#......###.....!▒ ,
#.....## ##..?).▒{,, ,
####### ######▒ **


You could see a white very ugly thing and a seven-headed hydra simulacrum.


Message History

The white very ugly thing is engulfed in freezing vapours.
Aiming: Quicksilver Bolt
Press: ? - help, Shift-Dir - straight line, f - seven-headed hydra simulacrum
Aim: a seven-headed hydra simulacrum (purple smoke, 100% to hit)
The bolt of dispelling energy hits the white very ugly thing!!
The white very ugly thing is moderately wounded.
The bolt of dispelling energy hits the seven-headed hydra simulacrum!!!
The seven-headed hydra simulacrum is almost destroyed.
The bolt of dispelling energy hits the seven-headed hydra simulacrum!!
The seven-headed hydra simulacrum is severely damaged.
The white very ugly thing kicks you!
* * * LOW HITPOINT WARNING * * *
The white very ugly thing freezes you! You resist.
* * * LOW HITPOINT WARNING * * *
You feel threatened and lose the ability to read scrolls!
Aiming: Quicksilver Bolt
Press: ? - help, Shift-Dir - straight line, f - seven-headed hydra simulacrum, p - seven-headed hydra simulacrum
Aim: a seven-headed hydra simulacrum (severely damaged, 100% to hit)
The bolt of dispelling energy hits the white very ugly thing!!
The white very ugly thing is heavily wounded.
The bolt of dispelling energy hits the lindwurm simulacrum!!
The lindwurm simulacrum vaporises!
The bolt of dispelling energy hits the seven-headed hydra simulacrum!!
The seven-headed hydra simulacrum vaporises!
Your butterfly disappears in a burst of colours! x3
The white very ugly thing kicks you!
* * * LOW HITPOINT WARNING * * *
The white very ugly thing freezes you! You resist.
You die...
Xom howls with laughter!

Skill      XL: |  1  2  3  4  5  6  7  8  9 10 11 12 13 14 15 |
---------------+----------------------------------------------+-----
Polearms       | 4 5 6 8 9 12 14 15 | 15.9
Evocations     | 8 11 15 | 15.2
Fighting       | 8 11 12 13 14 | 14.1
Dodging        | 6 9 10 | 10.5
Ice Magic      | 7 10 | 10.3
Conjurations   | 3 4 |  4.5

Action                     |  1- 3 |  4- 6 |  7- 9 | 10-12 | 13-15 || total
---------------------------+-------+-------+-------+-------+-------++-------
  Melee: Spear             |   117 |   153 |   336 |   724 |  1441 ||  2771
         Tailslap          |     8 |    16 |    26 |    87 |   195 ||   332
         Punch             |       |     1 |     2 |     3 |    17 ||    23
         Kick              |       |     7 |    62 |    31 |       ||   100
         Headbutt          |       |     1 |    45 |     9 |   151 ||   206
         Halberd           |       |       |    73 |   140 |       ||   213
Ability: Breathe Frost     |       |       |       |    10 |    35 ||    45
  Evoke: Wand              |       |       |       |     1 |    15 ||    16
         Box of beasts     |       |       |       |       |     2 ||     2
    Use: Scroll            |     5 |     5 |     5 |     9 |    15 ||    39
         Potion            |       |       |     3 |     4 |    27 ||    34
   Stab: Sleeping          |     1 |     2 |     1 |     1 |     3 ||     8
         Paralysed         |       |       |     4 |       |     4 ||     8
         Distracted        |       |       |     2 |     2 |     1 ||     5
         Confused          |       |       |       |     4 |    13 ||    17
         Petrified         |       |       |       |       |     2 ||     2
 Armour: Skin              |    53 |    55 |   169 |   298 |   553 ||  1128
  Dodge: Dodged            |    81 |    54 |   195 |   286 |   454 ||  1070

Levels and vault maps discovered:
D:1:      minmay_arrival_plants_in_alcoves, layout_basic
D:2:      layout_loops_ring, serial_shops, shop, nicolae_square_shop, shop,
          shop, chequers_serial_rivers_large_a
D:3:      layout_basic, nicolae_gozag_seed_capital, xom_redecorated
D:4:      layout_rooms, chequers_temple_overflow_minitemple, tso_metal_star
D:5:      layout_loops_ring, minmay_temple_entry_fiery, kennysheep_small_square
D:6:      layout_cave_pods, portal_sewer_entry_e
D:7:      layout_loops_cross, nicolae_ru_sacrificial_ziggurat,
          uniq_crazy_yiuf_cottage, uniq_menkaure, uniq_jeremiah
D:8:      minmay_separated_statues, layout_loops_ring,
          mainiacjoe_overflow_tiny_flanked, david_lair_generic
D:9:      layout_basic, gammafunk_ghost_grave, uniq_erolcha
D:10:     layout_basic, overflow_temple_1_default, lightli_temple_of_fire,
          erik_orc_2, kennysheep_kite_vault, uniq_fannar, uniq_joseph
D:11:     layout_basic, uniq_grum
D:12:     layout_basic
D:13:     layout_basic, enter_trove_2, nicolae_blasting_shop
D:14:     layout_basic, hellmonk_vaults_keyhole, gammafunk_ghost_spectres
D:15:     grunt_enter_depths_snipers, layout_gridville, amethyst_killhole,
          portal_ice_cave_entry_pillars_2
Lair:1:   layout_hall_layers, gammafunk_ghost_hydra_chop, lemuel_old_faithful,
          serial_bayou_shore_b, lemuel_fruit_fields
Lair:2:   layout_cave_pods, elwin_shoals_entry_rooms, serial_bayou,
          serial_bayou_shore_a, serial_bayou_pond_d, serial_bayou_pond_b,
          serial_bayou_lagoon_a, serial_bayou_pond_e, serial_bayou_pond_a,
          beast_lair_carwin_3
Lair:3:   layout_loops_ring, nicolae_spider_entry_non_spiders,
          forest_entry_grove
Lair:4:   layout_regular_city
Lair:5:   due_jungle_book, layout_cave_shapes, slime_entry_1, uniq_snorg
Orc:1:    layout_diamond_mine, serial_shops, nicolae_shop_peninsula,
          shop_fountains, shop, nicolae_shop_window_shopping, shop
Orc:2:    grunt_orc_cross, layout_diamond_mine, uniq_jorgrun
IceCv:    ice_cave_statue_garden_chambered

Notes
Turn   | Place    | Note
-------+----------+-------------------------------------------
     0 | D:1      | demibob the Draconian Chaos Knight began the quest for the
                  | Orb.
     0 | D:1      | Reached XP level 1. HP: 19/19 MP: 1/1
    64 | D:1      | Reached XP level 2. HP: 26/26 MP: 2/2
    95 | D:1      | Reached skill level 4 in Polearms
   274 | D:1      | XOM: divination: detect creatures
   323 | D:1      | Reached XP level 3. HP: 29/31 MP: 3/3
   733 | D:2      | Found Unoof's Book Boutique.
   830 | D:2      | XOM: divination: detect items
   832 | D:2      | Found Loduz's General Store.
   852 | D:2      | Found Coplaff's Weapon Shoppe.
  1033 | D:2      | Found Mytadda's Distillery.
  1040 | D:2      | Bought a potion of heal wounds for 70 gold pieces
  1374 | D:2      | Identified a scroll of acquirement
  1374 | D:2      | Acquired the +2 hat of Temperance {rElec rF+}
  1424 | D:3      | Found a shimmering altar of Xom.
  1436 | D:3      | Found a shimmering altar of Xom.
  1444 | D:3      | Found a shimmering altar of Xom.
  1459 | D:3      | Reached XP level 4. HP: 38/38 MP: 4/4
  1528 | D:3      | Reached skill level 5 in Polearms
  1629 | D:3      | Found an opulent altar of Gozag.
  1844 | D:3      | XOM: silly message
  2034 | D:3      | Noticed a scorpion
  2044 | D:3      | Killed a scorpion
  2045 | D:3      | Reached XP level 5. HP: 32/45 MP: 5/5
  2340 | D:4      | Found a glowing golden altar of the Shining One.
  2472 | D:4      | XOM: enchant monster (good)
  2554 | D:4      | Noticed a centaur
  2564 | D:4      | Killed a centaur
  2565 | D:4      | Reached skill level 6 in Polearms
  2649 | D:4      | Found a hazy altar of Hepliaklqana.
  2649 | D:4      | Found a faded altar of an unknown god.
  2661 | D:4      | Found a faded altar of an unknown god.
  2663 | D:4      | Found a snail-covered altar of Cheibriados.
  2665 | D:4      | Found a bloodstained altar of Trog.
  2807 | D:5      | Entered Level 5 of the Dungeon
  2849 | D:5      | Reached XP level 6. HP: 51/51 MP: 6/6
  2951 | D:5      | XOM: divination: detect creatures
  2957 | D:5      | Reached skill level 7 in Polearms
  3130 | D:5      | XOM: summons 2 friendly demons
  3179 | D:5      | XOM: give mutations
  3179 | D:5      | Gained mutation: You have large cloven feet. [Xom's grace]
  3179 | D:5      | Gained mutation: You have a pair of small horns on your
                  | head. [Xom's grace]
  3179 | D:5      | Gained mutation: Your flesh is cold resistant. (rC+) [Xom's
                  | grace]
  3181 | D:5      | XOM: potion effect (might)
  3201 | D:5      | XOM: give mutations
  3201 | D:5      | Gained mutation: You are agile. (Dex +4, Str/Int -1) [Xom's
                  | mischief]
  3201 | D:5      | Lost mutation: You are agile. (Dex +4, Str/Int -1) [Xom's
                  | mischief]
  3201 | D:5      | Gained mutation: You are frail. (-10% HP) [Xom's mischief]
  3201 | D:5      | Lost mutation: Your flesh is cold resistant. (rC+) [Xom's
                  | mischief]
  3289 | D:5      | Noticed a water moccasin
  3289 | D:5      | XOM: cleaving
  3305 | D:5      | Killed a water moccasin
  3306 | D:5      | Reached skill level 8 in Polearms
  3306 | D:5      | Your scales start taking on an icy white colour.
  3306 | D:5      | Reached XP level 7. HP: 27/51 MP: 7/7
  3306 | D:5      | Gained mutation: Your flesh is cold resistant. (rC+) [White
                  | Draconian growth]
  3364 | D:5      | XOM: scenery: create altars
  3576 | D:5      | XOM: enchant monster (bad)
  3606 | D:5      | XOM: summons 4 hostile demons
  3761 | D:5      | Found a staircase to the Ecumenical Temple.
  3788 | D:5      | XOM: scenery: summon butterflies
  3880 | D:5      | Found Reimicra's Distillery.
  3888 | D:5      | Bought a potion of curing for 33 gold pieces
  3888 | D:5      | Bought a potion of curing for 33 gold pieces
  3958 | D:5      | XOM: give mutation
  3958 | D:5      | Gained mutation: You are strong-willed. (Will+) [Xom's
                  | mischief]
  4063 | D:6      | XOM: noise
  4087 | D:6      | Reached skill level 9 in Polearms
  4427 | D:6      | Found a glowing drain.
  4444 | Sewer    | Entered a sewer
  4810 | Sewer    | Reached XP level 8. HP: 41/56 MP: 8/8
  4876 | Sewer    | Reached skill level 10 in Polearms
  5089 | D:6      | XOM: repel stairs
  5298 | D:6      | XOM: confusion
  5448 | D:7      | XOM: confusion
  5465 | D:7      | XOM: chaos upgrade
  5618 | D:7      | Noticed Menkaure
  5623 | D:7      | Killed Menkaure
  5624 | D:7      | Reached skill level 11 in Polearms
  5632 | D:7      | XOM: silly message
  5743 | D:7      | Noticed Jeremiah
  5783 | D:7      | XOM: cast spell 'Discord'
  5792 | D:7      | Killed Jeremiah
  5793 | D:7      | Reached skill level 12 in Polearms
  5914 | D:7      | Found a sacrificial altar of Ru.
  5935 | D:7      | Reached XP level 9. HP: 63/63 MP: 9/9
  6139 | D:7      | XOM: divination: magic mapping
  6227 | D:7      | XOM: smoke on damage
  6425 | D:7      | Found a runed translucent door.
  6426 | D:7      | Noticed Crazy Yiuf
  6489 | D:7      | XOM: divination: detect items
  6499 | D:7      | Killed Crazy Yiuf
  6515 | D:7      | Identified a potion of experience
  6516 | D:7      | Reached skill level 14 in Polearms
  6516 | D:7      | Reached skill level 8 in Evocations
  6516 | D:7      | Reached XP level 10. HP: 69/69 MP: 10/10
  6534 | D:7      | XOM: 1-stop teleportation journey
  6549 | D:8      | Noticed an elephant
  6549 | D:8      | Found a staircase to the Lair.
  6553 | D:8      | XOM: polymorph basilisk -> sky beast
  6718 | D:8      | Paralysed by a hornet for 1 turns
  6738 | D:8      | Reached skill level 15 in Polearms
  6770 | D:8      | XOM: enchant monster (good)
  6777 | D:8      | Killed an elephant
  6851 | D:8      | Noticed an orange crystal statue
  7089 | D:8      | Found an ancient bone altar of Kikubaaqudgha.
  7146 | D:8      | XOM: confuse monster(s)
  7288 | D:8      | XOM is BORED!
  7343 | D:8      | Noticed an obsidian statue
  7367 | D:8      | XOM: cloud trail
  7728 | D:9      | Noticed Erolcha
  7731 | D:9      | Killed Erolcha
  7809 | D:9      | Lost mutation: You are strong-willed. (Will+) [potion of
                  | mutation]
  7809 | D:9      | Lost mutation: You have a pair of small horns on your head.
                  | [potion of mutation]
  7809 | D:9      | Lost mutation: You have large cloven feet. [potion of
                  | mutation]
  7809 | D:9      | Gained mutation: You sometimes lose your temper in combat.
                  | [potion of mutation]
  7809 | D:9      | Gained mutation: You have large cloven feet. [potion of
                  | mutation]
  7809 | D:9      | Gained mutation: You are vulnerable to heat. (rF-) [potion
                  | of mutation]
  7820 | D:9      | Found a runed translucent door.
  7820 | D:9      | Noticed tinfoiltophat's ghost (novice DjFE)
  7861 | D:9      | XOM: give mutation
  7861 | D:9      | Lost mutation: You have large cloven feet. [Xom's grace]
  7861 | D:9      | Gained mutation: You have sharp toenails. [Xom's grace]
  7985 | D:9      | XOM: fog
  8125 | D:9      | XOM: polymorph yak -> human
  8135 | D:9      | XOM: enchant monster (good)
  8138 | D:9      | Reached XP level 11. HP: 73/73 MP: 11/11
  8225 | D:9      | Reached skill level 4 in Fighting
  8550 | D:9      | XOM: give mutations
  8550 | D:9      | Lost mutation: You are frail. (-10% HP) [Xom's mischief]
  8550 | D:9      | Lost mutation: You are vulnerable to heat. (rF-) [Xom's
                  | mischief]
  8550 | D:9      | Lost mutation: You have sharp toenails. [Xom's mischief]
  8618 | Lair:1   | Entered Level 1 of the Lair of Beasts
  8622 | Lair:1   | XOM: confusion
  8628 | D:8      | Reached skill level 3 in Dodging
  8863 | Lair:1   | a cane toad changed into a fire crab
  8863 | Lair:1   | Noticed a fire crab
  8863 | Lair:1   | XOM: polymorph cane toad -> fire crab
  8864 | Lair:1   | Banished a fire crab
  8865 | Lair:1   | Reached skill level 5 in Fighting
  8865 | Lair:1   | Reached skill level 4 in Dodging
  9131 | Lair:1   | XOM: silly message
  9196 | Lair:1   | XOM: summons 2 friendly demons
  9206 | Lair:1   | Reached skill level 6 in Fighting
  9308 | Lair:1   | XOM: enchant monster (good)
  9331 | Lair:1   | XOM: summons 2 friendly demons
  9340 | Lair:1   | Reached skill level 5 in Dodging
  9528 | Lair:1   | XOM: summons 11 friendly demons
  9535 | Lair:1   | XOM: confuse monster(s)
  9551 | Lair:1   | XOM: divination: detect creatures
  9554 | Lair:1   | XOM: noise
  9555 | Lair:1   | Reached skill level 7 in Fighting
  9578 | Lair:1   | XOM: 1-stop teleportation journey
  9740 | Lair:1   | Found a runed translucent gate.
  9740 | Lair:1   | Found a runed translucent gate.
  9846 | Lair:1   | Found a runed translucent gate.
  9847 | Lair:1   | Noticed a 12-headed hydra
  9848 | Lair:1   | Noticed ShangFenghuang's ghost (novice TrSh)
 10118 | Lair:1   | XOM: noise
 10273 | Lair:2   | Reached skill level 6 in Dodging
 10283 | Lair:2   | XOM: polymorph yak -> shapeshifter
 10295 | Lair:2   | XOM: scenery: summon butterflies
 10300 | Lair:2   | XOM: summons friendly shadow imp
 10311 | Lair:2   | XOM: fake destruction
 10321 | Lair:2   | XOM: potion effect (might)
 10390 | Lair:2   | XOM: silly message
 10543 | Lair:2   | Reached skill level 8 in Fighting
 10572 | Lair:2   | XOM: smoke on damage
 10687 | Lair:2   | XOM: enchant monster (good)
 10692 | Lair:2   | XOM: summons friendly ufetubus
 10703 | Lair:2   | XOM: swap monsters
 10707 | Lair:2   | XOM: 3-stop teleportation journey
 10744 | Lair:2   | Reached XP level 12. HP: 94/103 MP: 12/12
 10800 | Lair:2   | XOM: summons friendly ufetubus
 10808 | Lair:2   | XOM: enchant monster (good)
 10814 | Lair:2   | XOM: polymorph elephant -> cyclops
 10822 | Lair:2   | Reached skill level 7 in Dodging
 11008 | Lair:2   | Reached skill level 9 in Fighting
 11022 | Lair:2   | Found a staircase to the Shoals.
 11081 | Lair:2   | XOM: silly message
 11475 | Lair:3   | XOM: enchant monster (bad)
 11476 | Lair:3   | XOM: divination: detect items
 11505 | Lair:3   | XOM: divination: magic mapping
 11516 | Lair:3   | XOM: confuse monster(s)
 11518 | Lair:3   | XOM: cast spell 'Alistair's Intoxication'
 11521 | Lair:3   | XOM: cast spell 'Leda's Liquefaction'
 11538 | Lair:3   | XOM: blink monster(s)
 11541 | Lair:3   | Reached skill level 8 in Dodging
 11545 | Lair:3   | XOM: blink monster(s)
 11627 | Lair:3   | XOM: stat loss: -1 Dex (10/11)
 11705 | Lair:3   | Reached skill level 10 in Fighting
 11921 | Lair:3   | XOM: enchant monster (bad)
 11936 | Lair:3   | Found a hole to the Spider Nest.
 11962 | Lair:3   | XOM: enchant monster (bad)
 11972 | Lair:3   | XOM: enchant monster (bad)
 11974 | Lair:3   | XOM: 4-stop teleportation journey
 12039 | Lair:3   | XOM: divine lightning
 12113 | Lair:3   | XOM: god gift: box of beasts
 12203 | Lair:3   | XOM: confuse monster(s)
 12414 | Lair:3   | XOM: scenery: create altars
 12465 | Lair:3   | XOM: polymorph wolf -> centaur
 12466 | Lair:3   | XOM: fake destruction
 12474 | Lair:3   | XOM: destruction
 12477 | Lair:3   | XOM: blink monster(s)
 12637 | Lair:4   | XOM: confusion
 12647 | Lair:4   | XOM: swap monsters
 12649 | Lair:4   | XOM: enchant monster (bad)
 12697 | Lair:4   | XOM: noise
 12735 | Lair:4   | Reached skill level 9 in Dodging
 12764 | Lair:4   | XOM: 1-stop teleportation journey
 12769 | Lair:4   | XOM: blink monster(s)
 12771 | Lair:4   | XOM: swap monsters
 12859 | Lair:4   | XOM: 1-stop teleportation journey
 12864 | Lair:4   | XOM: repel stairs
 12870 | Lair:4   | Reached skill level 11 in Fighting
 12932 | Lair:4   | XOM: stat loss: -1 Str (13/14)
 12939 | Lair:4   | XOM: polymorph black mamba -> tarantella
 12976 | Lair:4   | XOM: give mutations
 12976 | Lair:4   | Gained mutation: You are frail. (-10% HP) [Xom's mischief]
 12976 | Lair:4   | Gained mutation: You are resistant to electric shocks.
                  | (rElec) [Xom's mischief]
 12976 | Lair:4   | Gained mutation: You are clumsy. (Dex -2) [Xom's mischief]
 12984 | Lair:4   | XOM: polymorph cane toad -> tarantella
 13027 | Lair:4   | XOM: summons 1 hostile demon
 13252 | Lair:4   | Noticed a boulder beetle
 13252 | Lair:4   | XOM: enchant monster (bad)
 13254 | Lair:4   | XOM: confusion
 13262 | Lair:4   | XOM: 1-stop teleportation journey
 13351 | Lair:4   | Banished a boulder beetle
 13352 | Lair:4   | Reached XP level 13. HP: 104/104 MP: 13/13
 13434 | Lair:4   | XOM: summons 2 hostile shadow creatures
 13463 | Lair:4   | XOM: stat loss: -1 Int (17/18)
 13798 | Lair:4   | XOM: noise
 13826 | Lair:5   | Entered Level 5 of the Lair of Beasts
 13831 | Lair:5   | XOM: confusion (+ monsters)
 13839 | Lair:5   | Found a staircase to the Slime Pits.
 13854 | Lair:5   | XOM: god gift: 19 gold pieces
 13984 | Lair:5   | XOM: enchant monster (bad)
 14002 | Lair:5   | XOM: repel stairs
 14009 | Lair:5   | XOM: blink monster(s)
 14185 | D:10     | Entered Level 10 of the Dungeon
 14207 | D:10     | Noticed Joseph
 14207 | D:10     | XOM: give mutations
 14207 | D:10     | Gained mutation: You have an uncontrollable temper. [Xom's
                  | mischief]
 14207 | D:10     | Gained mutation: You passively dampen the noise of your
                  | surroundings. [Xom's mischief]
 14207 | D:10     | Gained mutation: You are very clumsy. (Dex -4) [Xom's
                  | mischief]
 14208 | D:10     | Found a hide-covered altar of Uskayaw.
 14231 | D:10     | Killed Joseph
 14264 | D:10     | XOM: scenery: summon butterflies
 14446 | D:10     | XOM: cast spell 'Monstrous Menagerie'
 14469 | D:10     | XOM: 1-stop teleportation journey
 14556 | D:10     | Found a staircase to the Orcish Mines.
 14621 | D:10     | Reached skill level 10 in Dodging
 14794 | D:10     | Reached skill level 12 in Fighting
 14976 | D:10     | Noticed Fannar
 14987 | D:10     | XOM: scenery: create altars
 14988 | D:10     | XOM: cleaving
 15001 | D:10     | Banished Fannar
 15003 | D:10     | XOM: divination: detect items
 15226 | D:10     | XOM: confuse monster(s)
 15267 | D:10     | XOM: enchant monster (bad)
 15277 | D:10     | XOM: blink monster(s)
 15278 | D:10     | XOM: swap monsters
 15279 | D:10     | XOM: chaos upgrade
 15306 | D:10     | XOM: confusion (+ monsters)
 15307 | D:10     | Found a burning altar of Makhleb.
 15562 | D:10     | XOM: confusion
 15805 | D:10     | XOM: stat loss: -1 Dex (6/7)
 16150 | D:3      | XOM: noise
 16216 | D:2      | Bought a book of Vapours for 338 gold pieces
 16222 | D:2      | Learned a level 5 spell: Freezing Cloud
 16511 | D:11     | Noticed Grum
 16540 | D:10     | Killed Grum
 16620 | D:10     | Acquired a manual of Evocations
 16680 | D:11     | Reached skill level 1 in Ice Magic
 16822 | D:11     | Reached skill level 2 in Ice Magic
 17052 | D:11     | XOM: give mutations
 17052 | D:11     | Lost mutation: You have an uncontrollable temper. [Xom's
                  | mischief]
 17052 | D:11     | Gained mutation: Potions are less effective at restoring
                  | your health. [Xom's mischief]
 17064 | D:11     | Reached skill level 3 in Ice Magic
 17070 | D:11     | Reached skill level 9 in Evocations
 17089 | D:11     | XOM: noise
 17162 | D:11     | XOM: chaos cloud
 17360 | D:12     | Reached skill level 4 in Ice Magic
 17425 | D:12     | XOM: divination: detect items
 17452 | D:12     | XOM: divination: magic mapping
 17521 | D:12     | XOM: noise
 17686 | Lair:5   | XOM: scenery: create altars
 17715 | Lair:4   | Reached skill level 10 in Evocations
 17859 | Lair:5   | Noticed Snorg
 17860 | Lair:5   | XOM: confusion (+ monsters)
 17919 | Lair:5   | XOM: polymorph yak -> entropy weaver
 17932 | Lair:4   | Reached skill level 5 in Ice Magic
 18051 | Lair:5   | XOM: confusion
 18052 | Lair:5   | XOM: swap monsters
 18056 | Lair:5   | XOM: 1-stop teleportation journey
 18060 | Lair:5   | XOM: summons 7 hostile demons
 18065 | Lair:5   | XOM: cleaving
 18078 | Lair:5   | XOM: silly message
 18080 | Lair:5   | XOM: stat loss: -1 Dex (6/7)
 18091 | Lair:5   | XOM: 5-stop teleportation journey
 18109 | Lair:5   | XOM: summons 3 hostile demons
 18112 | Lair:5   | XOM: fog
 18313 | Lair:4   | XOM: cloud trail
 18328 | Lair:5   | XOM: potion effect (brilliance)
 18332 | Lair:5   | Reached skill level 6 in Ice Magic
 18451 | Lair:5   | Reached skill level 11 in Evocations
 18458 | Lair:5   | XOM: give mutations
 18458 | Lair:5   | Gained mutation: You are partially covered in large bone
                  | plates. (SH +4) [Xom's grace]
 18458 | Lair:5   | Gained mutation: Your natural rate of healing is unusually
                  | fast. [Xom's grace]
 18458 | Lair:5   | Gained mutation: You passively map a small area around you.
                  | [Xom's grace]
 18459 | Lair:5   | Lost mutation: Potions are less effective at restoring your
                  | health. [potion of mutation]
 18459 | Lair:5   | Lost mutation: You passively map a small area around you.
                  | [potion of mutation]
 18459 | Lair:5   | Lost mutation: You are partially covered in large bone
                  | plates. (SH +4) [potion of mutation]
 18459 | Lair:5   | Gained mutation: You have large cloven feet. [potion of
                  | mutation]
 18459 | Lair:5   | Gained mutation: Your mind is acute. (Int +4, Str/Dex -1)
                  | [potion of mutation]
 18460 | Lair:5   | Lost mutation: You have large cloven feet. [potion of
                  | mutation]
 18460 | Lair:5   | Lost mutation: You passively dampen the noise of your
                  | surroundings. [potion of mutation]
 18460 | Lair:5   | Gained mutation: You have a pair of small horns on your
                  | head. [potion of mutation]
 18460 | Lair:5   | Gained mutation: Your tail ends in a venomous barb. [potion
                  | of mutation]
 18461 | Lair:5   | Lost mutation: You are very clumsy. (Dex -4) [potion of
                  | mutation]
 18461 | Lair:5   | Lost mutation: You are resistant to electric shocks.
                  | (rElec) [potion of mutation]
 18461 | Lair:5   | Gained mutation: Your spells are a little easier to cast,
                  | but a little less powerful. [potion of mutation]
 18461 | Lair:5   | Lost mutation: Your natural rate of healing is unusually
                  | fast. [potion of mutation]
 18461 | Lair:5   | Lost mutation: Your spells are a little easier to cast, but
                  | a little less powerful. [potion of mutation]
 18461 | Lair:5   | Gained mutation: Your tail ends in a sharp venomous barb.
                  | [potion of mutation]
 18566 | Lair:5   | XOM: divination: detect creatures
 18657 | Lair:5   | Killed Snorg
 18748 | Lair:5   | XOM: summons 6 friendly demons
 18774 | Lair:5   | Reached skill level 7 in Ice Magic
 18774 | Lair:5   | Reached XP level 14. HP: 101/114 MP: 14/14
 18961 | Lair:5   | XOM: cast spell 'Dispersal'
 18972 | Lair:5   | XOM: scenery: create altars
 18990 | Lair:5   | XOM: polymorph yak -> queen bee
 18996 | Lair:5   | XOM: polymorph queen bee -> unseen horror
 19007 | Lair:5   | XOM: potion effect (curing)
 19012 | Lair:5   | Reached skill level 12 in Evocations
 19248 | Lair:5   | XOM: scenery: 2 doors close
 19317 | Lair:5   | XOM: noise
 19409 | Lair:5   | XOM: enchant monster (good)
 19461 | Lair:5   | Reached skill level 8 in Ice Magic
 19650 | Orc:1    | Entered Level 1 of the Orcish Mines
 19708 | Orc:1    | Found Tomuh's General Store.
 19777 | Orc:1    | XOM: 2-stop teleportation journey
 19823 | Orc:1    | Found Poskyr Nogo's Jewellery Shop.
 19836 | Orc:1    | Found Ceschaisy's Distillery.
 19884 | Orc:1    | Bought 2 potions of mutation for 192 gold pieces
 19884 | Orc:1    | Lost mutation: You sometimes lose your temper in combat.
                  | [potion of mutation]
 19884 | Orc:1    | Lost mutation: You are clumsy. (Dex -2) [potion of
                  | mutation]
 19884 | Orc:1    | Gained mutation: You are weak. (Str -2) [potion of
                  | mutation]
 19943 | Orc:2    | Entered Level 2 of the Orcish Mines
 19953 | Orc:1    | XOM: noise
 19955 | Orc:1    | XOM: cleaving
 19976 | Orc:2    | XOM: confuse monster(s)
 19994 | Orc:2    | Gained mutation: You are very weak. (Str -4) [a neqoxec]
 20005 | Orc:2    | XOM: confuse monster(s)
 20168 | Orc:2    | XOM: polymorph troll -> shapeshifter
 20171 | Orc:2    | XOM: god gift: 2 silver javelins
 20329 | Orc:2    | XOM: scenery: create altars
 20348 | Orc:2    | XOM: give mutation
 20348 | Orc:2    | Lost mutation: You are frail. (-10% HP) [Xom's mischief]
 20352 | Orc:2    | XOM: polymorph orc knight -> deep troll
 20361 | Orc:2    | XOM: confusion
 20623 | Orc:2    | Reached skill level 13 in Evocations
 20686 | Orc:2    | Noticed Jorgrun
 20757 | Orc:2    | XOM: draining
 20760 | Orc:2    | Killed Jorgrun
 20761 | Orc:2    | Reached skill level 9 in Ice Magic
 20909 | Orc:2    | XOM: blink monster(s)
 21002 | Orc:2    | Noticed an orc warlord
 21026 | Orc:2    | Banished an orc warlord
 21167 | Orc:2    | XOM: confusion
 21180 | Orc:2    | XOM: polymorph orc high priest -> glowing shapeshifter
 21247 | Orc:2    | XOM: summons 6 hostile demons
 21281 | Orc:2    | XOM: give mutation
 21281 | Orc:2    | Gained mutation: You are clumsy. (Dex -2) [Xom's mischief]
 21333 | Orc:2    | XOM: noise
 21343 | Orc:2    | XOM: confusion (+ monsters)
 21344 | Orc:2    | XOM: blink monster(s)
 21362 | Orc:2    | Reached skill level 14 in Evocations
 21468 | Orc:2    | XOM: noise
 21554 | Orc:2    | XOM: 1-stop teleportation journey
 21620 | Orc:2    | Reached skill level 10 in Ice Magic
 21675 | Orc:2    | XOM: confusion (+ monsters)
 21685 | Orc:2    | XOM: cleaving
 21704 | Orc:2    | Noticed Blork the orc
 21712 | Orc:2    | Found Nynetith's Antique Armour Boutique.
 21712 | Orc:2    | Killed Blork the orc
 21831 | Orc:2    | Found a staircase to the Elven Halls.
 21954 | Orc:2    | Found Lesik's General Store.
 21969 | Orc:2    | Found Qunam's Jewellery Boutique.
 21992 | Orc:2    | Found Roodotev's Antique Weapon Boutique.
 22017 | Orc:2    | Upgraded the game from 0.31-a0-836-g3ceb0a68c4 to
                  | 0.31-a0-841-g038b102fc3
 22057 | Orc:1    | Found Awotujic's Magic Scroll Shoppe.
 22072 | Orc:1    | Found Echex's Distillery.
 22094 | Orc:1    | Bought a potion of invisibility for 120 gold pieces
 22094 | Orc:1    | Bought a potion of heal wounds for 75 gold pieces
 22094 | Orc:1    | Bought a potion of curing for 45 gold pieces
 22094 | Orc:1    | Bought a potion of curing for 45 gold pieces
 22288 | D:12     | XOM: enchant monster (good)
 22374 | D:12     | XOM: fog
 22684 | D:12     | XOM: polymorph slime creature -> shining eye
 22692 | D:12     | XOM: 1-stop teleportation journey
 22784 | D:12     | Gained mutation: You occasionally lose the ability to read
                  | scrolls when taking damage. [a shining eye]
 22786 | D:12     | Reached skill level 13 in Fighting
 22843 | D:12     | XOM: divination: detect creatures
 22869 | D:12     | Reached skill level 15 in Evocations
 22870 | D:12     | XOM: cleaving
 23027 | D:12     | Lost mutation: You have a pair of small horns on your head.
                  | [potion of mutation]
 23027 | D:12     | Lost mutation: Your tail ends in a sharp venomous barb.
                  | [potion of mutation]
 23027 | D:12     | Lost mutation: You are very weak. (Str -4) [potion of
                  | mutation]
 23027 | D:12     | Gained mutation: Your tail ends in a sharp venomous barb.
                  | [potion of mutation]
 23027 | D:12     | Gained mutation: Your mind is very acute. (Int +8, Str/Dex
                  | -2) [potion of mutation]
 23034 | D:12     | XOM: give mutations
 23034 | D:12     | Gained mutation: You are strong-willed. (Will+) [Xom's
                  | grace]
 23034 | D:12     | Gained mutation: You have a somewhat thin skeletal
                  | structure. (Dex +2, Stealth+) [Xom's grace]
 23034 | D:12     | Gained mutation: You have a pair of small antennae on your
                  | head. [Xom's grace]
 23073 | D:13     | XOM: fog
 23117 | D:13     | XOM: destruction
 23120 | D:13     | XOM: confuse monster(s)
 23135 | D:13     | XOM: give mutations
 23135 | D:13     | Gained mutation: You passively map a small area around you.
                  | [Xom's grace]
 23135 | D:13     | Gained mutation: You have sharp toenails. [Xom's grace]
 23135 | D:13     | Gained mutation: You have razor-sharp toenails. [Xom's
                  | grace]
 23135 | D:13     | Gained mutation: You have sharp fingernails. [Xom's grace]
 23322 | D:13     | Found a portal to a secret trove of treasure.
 23330 | D:13     | Found Uress's Demolitions Depot.
 23382 | D:13     | XOM: enchant monster (good)
 23410 | D:13     | Reached skill level 1 in Conjurations
 23717 | D:13     | XOM: god gift: scroll of vulnerability
 23782 | D:13     | XOM: god gift: potion of mutation
 23846 | D:13     | XOM: scenery: summon butterflies
 23941 | D:13     | XOM: divination: detect creatures
 23947 | D:13     | XOM: enchant monster (good)
 23953 | D:13     | Reached skill level 2 in Conjurations
 24047 | D:13     | Identified a potion of resistance
 24186 | D:14     | XOM: potion effect (might)
 24194 | D:14     | XOM: polymorph brown ugly thing -> green ugly thing
 24197 | D:14     | XOM: summons friendly iron imp
 24213 | D:14     | XOM: confuse monster(s)
 24224 | D:14     | Reached skill level 3 in Conjurations
 24228 | D:14     | Found a runed translucent gate.
 24228 | D:14     | Found a runed translucent gate.
 24228 | D:14     | Found a runed translucent gate.
 24230 | D:14     | Reached XP level 15. HP: 114/137 MP: 15/15
 24230 | D:14     | Noticed Kilet's ghost (adept GrEE)
 24309 | D:14     | XOM: fog
 24371 | D:14     | XOM: enchant monster (good)
 24373 | D:14     | XOM: enchant monster (good)
 24407 | D:14     | XOM: fog
 24430 | D:14     | XOM: destruction
 24432 | D:14     | XOM: scenery: summon butterflies
 24706 | D:14     | Found a gate to the Vaults.
 24714 | D:14     | Reached skill level 4 in Conjurations
 24722 | D:15     | XOM: stealth player
 24722 | D:15     | Entered Level 15 of the Dungeon
 24722 | D:15     | Found a frozen archway.
 24729 | IceCv    | Entered an ice cave
 24752 | IceCv    | XOM: give mutation
 24752 | IceCv    | Lost mutation: You are weak. (Str -2) [Xom's grace]
 24862 | IceCv    | XOM: divination: detect items
 24940 | IceCv    | Reached skill level 14 in Fighting
 25007 | IceCv    | XOM: fog
 25009 | IceCv    | XOM: fake destruction
 25025 | IceCv    | HP: 8/138 [white very ugly thing (12)]
 25025 | IceCv    | Slain by a white very ugly thing

Vanquished Creatures
  Jorgrun (Orc:2)
  Snorg (Lair:5)
  An entropy weaver (Lair:5)
  Erolcha (D:9)
  A hydra (D:13)
  A caustic shrike simulacrum (IceCv)
  2 centaur warriors (D:14)
  2 boulder beetles
  4 two-headed ogres
  4 death yaks
  2 orc high priests (Orc:2)
  2 skeletal warriors (D:13)
  A deep troll (Orc:2)
  A lindwurm (Lair:4)
  3 deep elf pyromancers
  2 orc knights (Orc:2)
  An orc sorcerer (Orc:2)
  9 ugly things
  4 cyclopes
  6 elephants
  A manticore (D:10)
  Joseph (D:10)
  Jeremiah (D:7)
  A gargoyle (D:12)
  A kobold demonologist (D:9)
  A rime drake (shapeshifter) (D:14)
  6 komodo dragons
  10 cane toads
  A dire elephant skeleton (Lair:5)
  A yaktaur (shapeshifter) (Orc:2)
  A rime drake (Lair:5)
  2 efreet
  9 trolls
  2 tarantellas (Lair:4)
  4 hornets
  13 blink frogs
  A tarantella (shapeshifter) (Lair:2)
  4 dream sheep (Lair:5)
  An alligator simulacrum (IceCv)
  4 slime creatures
  A spriggan (Lair:3)
  5 wyverns
  A shadow (D:11)
  25 yaks
  Grum (D:10)
  2 wraiths
  6 vampire mosquitoes (D:12)
  A basilisk (Lair:4)
  2 wargs (Orc:2)
  2 steam dragons
  Menkaure (D:7)
  2 harpy simulacra (IceCv)
  10 water moccasins
  An acid dragon (D:11)
  2 hydra simulacra (IceCv)
  22 orc warriors
  An elephant zombie (Lair:5)
  An ice beast (D:7)
  A sky beast (D:8)
  6 black bears
  An ettin simulacrum (IceCv)
  9 ogres
  18 wolves
  11 centaurs
  10 bullfrogs
  3 scorpions
  A gnoll sergeant (D:9)
  A cane toad simulacrum (Lair:5)
  A wight (D:10)
  7 killer bees
  2 lindwurm simulacra (IceCv)
  A howler monkey (D:10)
  3 electric eels
  2 jellies
  2 gnoll boudas
  3 hounds
  Crazy Yiuf (D:7)
  24 orc priests
  A sleepcap (D:8)
  An iguana (D:5)
  21 orc wizards
  11 gnolls
  10 adders
  2 river rats (D:6)
  2 white imps
  2 ufetubi
  3 worms
  4 dart slugs
  58 orcs
  2 bats
  15 endoplasms
  16 giant cockroaches
  7 goblins
  7 hobgoblins
  5 kobolds
  11 quokkas
  21 ball pythons
  7 frilled lizards
  2 rats (D:1)
515 creatures vanquished.

Vanquished Creatures (collateral kills)
  An orc knight (Orc:2)
  A komodo dragon (Lair:1)
  A dream sheep (Lair:5)
  2 slime creatures (D:13)
  A harpy simulacrum (IceCv)
  7 orc warriors (Orc:2)
  Blork the orc (Orc:2)
  A lindwurm simulacrum (IceCv)
  3 orc priests (Orc:2)
  4 orc wizards
  4 orcs (Orc:2)
  A frilled lizard (Sewer)
27 creatures vanquished.

Vanquished Creatures (others)
  A polar bear (Lair:3)
  2 blink frogs
  A human (D:9)
  A spriggan (Lair:3)
  A centaur (Lair:3)
  2 wolves (Lair:3)
  An elephant simulacrum (Lair:5)
  An adder zombie (Sewer)
10 creatures vanquished.

Grand Total: 552 creatures vanquished

Table legend: (Time is in decaauts)
 A = Elapsed time spent in this place.
 B = Non-inter-level travel time spent in this place.
 C = Inter-level travel time spent in this place.
 D = Time resting spent in this place.
 E = Time spent auto-exploring this place.
 F = Levels seen in this place.
 G = Mean time per level.
                   A        B        C        D        E       F      G
               +--------+--------+--------+--------+--------+-----+--------+
         Total |  24180 |  22400 |   1780 |   3183 |  15171 |  24 | 1007.5 |
       Dungeon |  14120 |  12817 |   1303 |   1470 |   9400 |  15 |  941.3 |
          Lair |   7055 |   6672 |    383 |   1100 |   4274 |   5 | 1411.0 |
  Orcish Mines |   2304 |   2210 |     94 |    421 |   1294 |   2 | 1152.0 |
         Sewer |    436 |    436 |      0 |      0 |    203 |   1 |  436.0 |
      Ice Cave |    263 |    263 |      0 |    192 |      0 |   1 |  263.0 |
               +--------+--------+--------+--------+--------+-----+--------+

Top non-repeatable levels by time:
    D:10: 2104 daAuts
   Orc:2: 1897 daAuts
  Lair:4: 1858 daAuts
  Lair:1: 1494 daAuts
  Lair:2: 1391 daAuts
  Lair:5: 1308 daAuts
     D:7: 1277 daAuts
     D:5: 1203 daAuts
     D:8: 1183 daAuts
     D:6: 1034 daAuts
  Lair:3: 1001 daAuts
    D:12: 991 daAuts
    D:13: 972 daAuts
     D:9: 968 daAuts
     D:3: 927 daAuts

Table legend:
 A = Non-vault XP
 B = Vault XP
 C = Vault XP percentage of total XP
 D = Non-vault monster count
 E = Vault monster count
 F = Vault count percentage of total count
                 A         B        C        D         E       F
            +---------+---------+-------+---------+---------+-------
      Total |   80662 |   27211 |  25.2 |     424 |     190 |  30.9
            +---------+---------+-------+---------+---------+-------
        D:1 |      49 |       0 |   0.0 |      21 |       0 |   0.0
        D:2 |      35 |       0 |   0.0 |      13 |       0 |   0.0
        D:3 |     125 |       0 |   0.0 |      14 |       0 |   0.0
        D:4 |     130 |       0 |   0.0 |      10 |       0 |   0.0
        D:5 |     614 |       0 |   0.0 |      18 |       0 |   0.0
        D:6 |     405 |      64 |  13.6 |       9 |       8 |  47.1
        D:7 |     850 |     955 |  52.9 |      15 |       5 |  25.0
        D:8 |    1903 |     638 |  25.1 |      20 |       2 |   9.1
        D:9 |    2017 |     865 |  30.0 |      21 |       1 |   4.5
       D:10 |    1420 |    6077 |  81.1 |      14 |      42 |  75.0
       D:11 |    3845 |       0 |   0.0 |      19 |       0 |   0.0
       D:12 |    7819 |       0 |   0.0 |      20 |       0 |   0.0
       D:13 |    7147 |       0 |   0.0 |      16 |       0 |   0.0
       D:14 |    7700 |    1206 |  13.5 |      17 |       2 |  10.5
     Lair:1 |    6443 |       0 |   0.0 |      25 |       0 |   0.0
     Lair:2 |    6092 |    1803 |  22.8 |      24 |       8 |  25.0
     Lair:3 |    5162 |     788 |  13.2 |      23 |      13 |  36.1
     Lair:4 |   10022 |       0 |   0.0 |      27 |       0 |   0.0
     Lair:5 |   11558 |    2650 |  18.7 |      31 |       8 |  20.5
      Orc:1 |     757 |       0 |   0.0 |      13 |       0 |   0.0
      Orc:2 |    6569 |    8961 |  57.7 |      54 |      40 |  42.6
      Sewer |       0 |     318 | 100.0 |       0 |      48 | 100.0
      IceCv |       0 |    2886 | 100.0 |       0 |      13 | 100.0
            +---------+---------+-------+---------+---------+-------
